 Dungeon Crawl Stone Soup version 0.30-a0-920-g7493c07aab (webtiles) character file.

Game seed: 11583255078439037245

18 jasper the Digger (level 2, -1/20 HPs)
             Began as a Draconian Earth Elementalist on Mar 21, 2023.
             Was a Follower of Makhleb.
             Slain by an iguana (11 damage)
             ... on level 1 of the Dungeon.
             The game lasted 00:01:31 (609 turns).

jasper the Digger (Draconian Earth Elementalist)     Turns: 609, Time: 00:01:31

Health: -1/20      AC:  4    Str: 10    XL:     2   Next: 48%
Magic:  2/5        EV: 12    Int: 15    God:    Makhleb [*.....]
Gold:   34         SH:  0    Dex: 11    Spells: 3/6 levels left

rFire   . . .      SeeInvis .    e - +0 hand axe
rCold   . . .      Faith    .    (no shield)
rNeg    . . .      Spirit   .    (body armour unavailable)
rPois   .          Reflect  .    (helmet restricted)
rElec   .          Rampage  .    (no cloak)
rCorr   .                        (no gloves)
Will    .....                    (no boots)
Stlth   ++                       (no amulet)
HPRegen 0.23/turn                (no ring)
MPRegen 0.09/turn                (no ring)

@: no status effects
A: AC +4, unfitting armour, cold-blooded
a: Renounce Religion


You were on level 1 of the Dungeon.
You worshipped Makhleb.
Makhleb was aware of your devotion.
You visited 1 branch of the dungeon, and saw 2 of its levels.

You collected 34 gold pieces.

Inventory:

Hand Weapons
 e - a +0 hand axe (weapon)
Missiles
 c - a poisoned dart
 d - 7 stones
Jewellery
 b - an amulet of regeneration


   Skills:
 - Level 1.7 Dodging
 - Level 1.7 Stealth
 + Level 2.8 Spellcasting
 - Level 1.0 Transmutations
 - Level 3.1 Earth Magic


You had 3 spell levels left.
You knew the following spells:

 Your Spells              Type           Power      Damage    Failure   Level
a - Sandblast             Erth           22%        2d7       5%          1
b - Passwall              Tmut/Erth      6%         N/A       13%         2

Your spell library contained the following spells:

 Spells                   Type           Power      Damage    Failure   Level
 Stone Arrow              Conj/Erth      12%        3d7       32%         3
 Petrify                  Tmut/Erth      8%         N/A       65%         4


Dungeon Overview and Level Annotations

Branches:
Dungeon (2/15)

Altars:
Makhleb


Innate Abilities, Weirdness & Mutations

Your plain brown scales are hard. (AC +4)
You cannot fit into any form of body armour.
You are cold-blooded and may be slowed by cold attacks.


Message History

You throw a poisoned dart.
The poisoned dart closely misses the iguana.
The iguana enters a dispersal trap!
You blink.
The iguana blinks!
Throw: 2 darts (poison)
Press: ? - help, Shift-Dir - straight line, f/p - iguana
Aim: an iguana (lightly wounded, 58% to hit)
You throw a poisoned dart.
The poisoned dart barely misses the iguana.
Really walk into that dispersal trap?
You enter a dispersal trap!
The iguana blinks! x2; You blink.
Magic courses through your body.
Your magical contamination has completely faded away.
MP restored: 5 The iguana hisses menacingly.
Aiming: Sandblast (safe; 5% risk of failure)
Press: ? - help, Q - select action, (/) - cycle Shift-Dir - straight line, f/p - iguana
Aim: an iguana (lightly wounded, 84% to hit)
The blast of sand hits the iguana.
The iguana is moderately wounded.
You now have 4/5 mp.
Aiming: Sandblast (safe; 5% risk of failure)
Press: ? - help, Q - select action, (/) - cycle Shift-Dir - straight line, f/p - iguana
Aim: an iguana (moderately wounded, 84% to hit)
The blast of sand hits the iguana but does no damage.
The iguana is moderately wounded.
Aiming: Sandblast (safe; 5% risk of failure)
Press: ? - help, Q - select action, (/) - cycle Shift-Dir - straight line, f/p - iguana
Aim: an iguana (moderately wounded, 84% to hit)
The blast of sand hits the iguana but does no damage.
The iguana is moderately wounded.
The iguana closely misses you. The iguana barely misses you.
You now have 3/5 mp.
Aiming: Sandblast (safe; 5% risk of failure)
Press: ? - help, Q - select action, (/) - cycle Shift-Dir - straight line, f/p - iguana
Aim: an iguana (moderately wounded, 84% to hit)
The blast of sand hits the iguana.
The iguana is heavily wounded.
The iguana bites you!
Ouch! That really hurt!
You die...

........##..###.....# #.#
....###....###..#...# ##.####
....##..#.#....#...## ##.....#
.......##.#.###...### ##......#
.#.######.#.##......###.......#
.>.######...##............#####
..###......###...........##
...##.....##.#..l...##.###
.#..#....##.....@......#
..#.......##.#......####
....#......###......#
.##.........##......#
###..........#...####
#...............#
#...............#
#...............#
#...............#


You could see an iguana.

Vanquished Creatures
  A bat (D:1)
  2 endoplasms
  2 goblins (D:1)
  2 hobgoblins (D:1)
  2 jackals (D:1)
  3 ball pythons (D:1)
  2 frilled lizards (D:1)
  2 rats (D:1)
16 creatures vanquished.

Notes
Turn   | Place    | Note
-------+----------+-------------------------------------------
     0 | D:1      | jasper the Draconian Earth Elementalist began the quest for
                  | the Orb.
     0 | D:1      | Reached XP level 1. HP: 14/14 MP: 3/3
   195 | D:1      | Reached XP level 2. HP: 20/20 MP: 0/5
   208 | D:1      | Learned a level 2 spell: Passwall
   406 | D:1      | Found a faded altar of an unknown god.
   433 | D:1      | Prayed at the altar of an unknown god.
   433 | D:1      | Became a worshipper of Makhleb the Destroyer
   433 | D:1      | Reached * piety under Makhleb
   609 | D:1      | Slain by an iguana

Illustrated notes

Levels and vault maps discovered:
D:1:      wander_arrival_peaceful_grave, layout_rooms,
          hellmonk_ecumenical_altar_dog_temple, nrook_loot_triangle
D:2:      layout_rooms, uniq_terence, uniq_crazy_yiuf_cottage

Action                     || total
---------------------------++-------
  Melee: Unarmed           ||     6
         Tailslap          ||     2
         Hand axe          ||     1
  Throw: Dart              ||     2
   Cast: Sandblast         ||    29
    Use: Potion            ||     1
 Armour: Skin              ||     8
  Dodge: Dodged            ||    13

Table legend: (Time is in decaauts)
 A = Elapsed time spent in this place.
 B = Non-inter-level travel time spent in this place.
 C = Inter-level travel time spent in this place.
 D = Time resting spent in this place.
 E = Time spent auto-exploring this place.
 F = Levels seen in this place.
 G = Mean time per level.
                   A        B        C        D        E       F      G
               +--------+--------+--------+--------+--------+-----+--------+
         Total |    623 |    590 |     33 |      0 |    425 |   2 |  311.5 |
       Dungeon |    623 |    590 |     33 |      0 |    425 |   2 |  311.5 |
               +--------+--------+--------+--------+--------+-----+--------+

Top non-repeatable levels by time:
     D:1: 613 daAuts
     D:2: 9 daAuts
